 Dungeon Crawl Stone Soup version 0.26.1-2-gb8aa6d0cf2 (webtiles) character file.

Game seed: 13419709316583570909

60 hawla the Conjurer (level 3, -1/19 HPs)
             Began as a Deep Elf Conjurer on Feb 12, 2021.
             Killed by divine providence
             ... invoked by an orc priest
              (16 damage)
             ... on level 3 of the Dungeon.
             The game lasted 00:05:43 (2057 turns).

hawla the Conjurer (Deep Elf Conjurer)              Turns: 2057, Time: 00:05:44

Health: -1/19      AC:  3    Str:  4    XL:     3   Next: 80%
Magic:  5/10       EV: 13    Int: 23    God:
Gold:   164        SH:  0    Dex: 13    Spells: 6/9 levels left

rFire    . . .     SeeInvis .   d - +0 whip
rCold    . . .     Faith    .   (no shield)
rNeg     . . .     Spirit   .   a - +0 robe
rPois    .         Reflect  .   (no helmet)
rElec    .         Harm     .   b - +0 cloak (curse)
rCorr    .         Rampage  .   (no gloves)
Will     .....                  (no boots)
Stlth    ++........             (no amulet)
HPRegen  0.06/turn              (no ring)
MPRegen  0.12/turn              (no ring)

@: no status effects
A: no striking features
a: no special abilities


You were on level 3 of the Dungeon.
You visited 1 branch of the dungeon, and saw 3 of its levels.

You collected 164 gold pieces.

Inventory:

Hand Weapons
 d - a +0 whip (weapon)
Missiles
 f - 13 poisoned darts
Armour
 a - a +0 robe (worn)
 b - a cursed +0 cloak (worn)
Scrolls
 c - a scroll of immolation {unknown}
 g - a scroll of teleportation
 h - a scroll of remove curse {unknown}
 l - 4 scrolls of amnesia
 n - a scroll of fog {unknown}
 o - a scroll of enchant armour {unknown}
 p - a scroll of magic mapping {unknown}
Potions
 e - a potion of brilliance
 i - a potion of curing
 j - a potion of attraction {unknown}
 k - a potion of invisibility {unknown}
 m - a potion of haste {unknown}


   Skills:
 - Level 0.1 Fighting
 - Level 0.1 Staves
 - Level 0.1 Throwing
 + Level 0.1 Armour
 - Level 2.4 Dodging
 - Level 2.4 Stealth
 - Level 0.1 Shields
 + Level 3.7 Spellcasting
 + Level 4.8 Conjurations
 * Level 2.5 Earth Magic
 - Level 0.1 Invocations


You had 6 spell levels left.
You knew the following spells:

 Your Spells              Type           Power        Failure   Level
a - Magic Dart            Conj           100%         1%          1
b - Searing Ray           Conj           52%          2%          2

Your spell library contained the following spells:

 Spells                   Type           Power        Failure   Level
 Dazzling Flash           Conj/Hex       30%          12%         3
 Fulminant Prism          Conj/Hex       7%           38%         4
 Iskenderun's Mystic Bla  Conj/Tloc      15%          38%         4


Dungeon Overview and Level Annotations

Branches:
Dungeon (3/15)

Altars:


Message History

The orc priest begins to cast a cantrip, but forgets the words!
Casting: Magic Dart (safe; 1% risk of failure)
Confirm with . or Enter, or press ? or * to list all spells.
Aiming: Searing Ray (safe; 2% risk of failure)
Press: ? - help, Shift-Dir - straight line, f/p - orc priest
Aim: an orc priest, wielding a +0 dagger and wearing a +0 ring mail (18% to evade)
The searing ray misses the orc priest. (Press . to maintain the ray.)
The orc priest calls down the wrath of Beogh upon you.
You barely resist.
The searing ray misses the orc priest.
The orc priest hits you with a +0 dagger.
The searing ray misses the orc priest.
The orc priest misses you.
The searing ray hits the orc priest.
The orc priest is heavily wounded.
You finish channeling your searing ray.
The orc priest calls down the wrath of Beogh upon you.
Beogh smites you!
Ouch! That really hurt!
You die...

.. .. .. #. .. #. #.# .##
#. #.. .8### #. #... ...
##o## ###.##8.8#.##..@## .#
....##.##.......##.#
#.......#.......#.###.
####.r.####.).>.)........
.....#....'......รทรท......
###.###.###..........###.
#.## ##.###.......#.#
##.###.## ##.....##.#
##.#.## ##...## .


You could see an orc priest.

Vanquished Creatures
  An adder (D:2)
  2 worms (D:2)
  A leopard gecko (D:2)
  3 orcs (D:3)
  A ball python (D:2)
  4 giant cockroaches
  6 goblins
  4 hobgoblins
  2 jackals (D:3)
  A quokka (D:2)
  4 bats
  2 frilled lizards (D:1)
  3 kobolds
  6 rats
40 creatures vanquished.

Notes
Turn   | Place    | Note
-------+----------+-------------------------------------------
     0 | D:1      | hawla the Deep Elf Conjurer began the quest for the Orb.
     0 | D:1      | Reached XP level 1. HP: 10/10 MP: 6/6
   354 | D:1      | Reached skill level 1 in Earth Magic
   354 | D:1      | Reached XP level 2. HP: 15/15 MP: 6/8
   574 | D:1      | Learned a level 2 spell: Searing Ray
   671 | D:2      | Reached XP level 3. HP: 19/19 MP: 1/9
  2057 | D:3      | Killed from afar by an orc priest

Illustrated notes

Levels and vault maps discovered:
D:1:      nzn_arrival_water_spiral, layout_rooms
D:2:      layout_loops_ring, kennysheep_generic_room_13
D:3:      layout_loops_corners, small_statue_intersection, uniq_sigmund

Skill      XL: |  1  2  3 |
---------------+----------+-----
Earth Magic    | 1 2 |  2.5
Fighting       | |  0.1
Staves         | |  0.1
Throwing       | |  0.1
Armour         | |  0.1
Dodging        | |  2.4
Stealth        | |  2.4
Shields        | |  0.1
Spellcasting   | |  3.7
Conjurations   | |  4.8
Invocations    | |  0.1

Action                   || total
-------------------------++-------
Melee: Unarmed           ||     6
       Whip              ||    14
 Cast: Magic Dart        ||    42
       Searing Ray       ||    17
  Use: Scroll            ||     4
Armor: Robe              ||     4
Dodge: Dodged            ||    30
